 Dungeon Crawl Stone Soup version 0.22.1-1-ga44c0e5 (webtiles) character file.

6983 Larett the Warrior (level 10, 0/107 HPs)
             Began as a Minotaur Berserker on Sept 28, 2018.
             Was a High Priest of Trog.
             Slain by a hornet (4 damage)
             ... while paralysed by a hornet
             ... on level 9 of the Dungeon.
             The game lasted 00:24:31 (9074 turns).

Larett the Warrior (Minotaur Berserker)             Turns: 9074, Time: 00:24:31

Health: 0/107      AC: 13    Str: 21    XL:     10   Next: 81%
Magic:  9/9        EV:  2    Int:  4    God:    Trog [*****.]
Gold:   496        SH:  0    Dex: 19    Spells: 9/9 levels left

rFire    . . .     SeeInvis .   Z - -1 mace
rCold    . . .     Gourm    .   (no shield)
rNeg     . . .     Faith    .   h - +2 ring mail {MR+}
rPois    .         Spirit   .   (helmet restricted)
rElec    .         Reflect  +   X - +0 cloak
rCorr    .         Harm     .   D - +0 pair of gloves
MR       +....                  C - +0 pair of boots
Stlth    +.........             V - +4 amulet of reflection
HPRegen  0.27/turn              J - +5 ring of dexterity
MPRegen  0.11/turn              Y - +3 ring of protection

@: paralysed, lethally poisoned (0 -> -2)
A: retaliatory headbutt, horns 2
a: Berserk, Trog's Hand, Brothers in Arms, Renounce Religion


You were on level 9 of the Dungeon.
You worshipped Trog.
Trog was extremely pleased with you.
You were not hungry.

You visited 2 branches of the dungeon, and saw 10 of its levels.

You collected 559 gold pieces.
You spent 63 gold pieces at shops.

Inventory:

Hand Weapons
 a - a +5 battleaxe of freezing
 b - a +0 shortbow
 A - a +0 long sword of holy wrath
 H - a +0 hunting sling
 P - a cursed -1 dagger
 R - a +0 hand axe
 W - a +2 quarterstaff of chaos
 Z - a -1 mace (weapon)
Missiles
 g - 163 stones
 l - 57 bolts
 n - 227 arrows
 o - 12 sling bullets
 p - 2 tomahawks (quivered)
 G - 2 javelins
 O - 71 poisoned needles
Armour
 h - a +2 ring mail of magic resistance (worn)
 C - a +0 pair of boots (worn)
 D - a +0 pair of gloves (worn)
 X - a +0 cloak (worn)
Jewellery
 c - an uncursed ring of protection from cold
 J - a +5 ring of dexterity (left hand)
 V - a +4 amulet of reflection (around neck)
 Y - a +3 ring of protection (right hand)
Wands
 E - a wand of polymorph (9)
 K - a wand of flame (26)
Scrolls
 B - a scroll of fog
 T - a scroll of teleportation
Potions
 m - 2 potions of lignification {!q}
 q - 7 potions of heal wounds
 s - a potion of ambrosia
 u - a potion of magic
 L - a potion of haste
 M - 2 potions of agility
 N - a potion of brilliance
 Q - 2 potions of curing
 S - a potion of might
 U - a potion of cancellation
Comestibles
 r - 10 rations
 I - 13 chunks of flesh


   Skills:
 * Level 15.6 Fighting
 + Level 11.8 Axes
 - Level 2.4 Armour
 - Level 2.1 Dodging


You had 9 spell levels left.
You didn't know any spells.
Your spell library was empty.

Dungeon Overview and Level Annotations

Branches:
Dungeon (9/15)             Temple (1/1) D:7
   Lair: D:8-11         Orc: D:9-12

Altars:
Ashenzari
Kikubaaqudgha
Okawaru
Sif Muna
Vehumet
Wu Jian
Yredelemnul

Shops:
D:8 [

Annotations:
D:4 2 runed doors, FoxWall's ghost, amateur MiFi


Innate Abilities, Weirdness & Mutations

You reflexively headbutt those who attack you in melee.
You have a pair of horns on your head.


Message History

You headbutt the hornet, but do no damage.
The hornet stings you.
* * * LOW HITPOINT WARNING * * *
You feel yourself slow down.
You closely miss the hornet.
The hornet is heavily wounded.
You feel yourself speed up.
You feel sick. The hornet stings you!
* * * LOW HITPOINT WARNING * * *
You feel yourself slow down.
The hornet stings you but does no damage.
You barely miss the hornet.
The hornet is heavily wounded.
You feel yourself speed up.
You feel sick. The hornet completely misses you. You furiously retaliate!
You headbutt the hornet, but do no damage.
The hornet stings you!
* * * LOW HITPOINT WARNING * * *
You suddenly lose the ability to move!
The hornet stings you.
You die...

#. #######.### #.
#.........# #. #.
#.#######.#
##..##.########.#
#.#
................#
#..
#.........##.#
#..
#.#.#)###.##.#
#.. #.#)# #....#
#.รท #.#@#
####.#######>.
#.#y# #..........
#.#.# #####......
..... #######
..... ..### ..
...


You could see a hornet.

Vanquished Creatures
  The ghost of limozeen581 the Quickloader, a novice KoHu of Okawaru (D:8)
  Grinder (D:3)
  A hippogriff (D:9)
  A wyvern (D:9)
  8 wraiths
  Sigmund (D:3)
  2 hungry ghosts (D:7)
  3 orc warriors
  A hornet zombie (D:6)
  2 sky beasts
  3 phantoms
  An ice beast (D:7)
  8 ogres
  A necrophage (D:6)
  3 centaurs (D:8)
  A gnoll sergeant (D:7)
  A bullfrog (D:7)
  2 scorpions
  6 killer bees (D:9)
  7 wights
  5 howler monkeys
  3 crimson imps
  A bullfrog zombie (D:8)
  4 human zombies (D:7)
  A centaur skeleton (D:8)
  Crazy Yiuf (D:3)
  A jelly (D:8)
  4 orc priests
  3 bullfrog skeletons
  5 hounds
  4 iguanas
  5 orc wizards
  A human skeleton (D:7)
  Natasha (thrice) (D:3)
  8 worker ants
  Terence (D:3)
  An ogre zombie (D:7)
  11 gnolls
  14 adders
  A shadow imp (D:6)
  3 oozes
  An adder zombie (D:7)
  4 worms
  3 dart slugs
  12 leopard geckos
  16 orcs
  2 ball pythons
  6 giant cockroaches
  15 goblins
  7 hobgoblins
  16 jackals
  4 quokkas
  8 bats
  A frilled lizard (D:2)
  A giant cockroach zombie (D:5)
  4 kobolds
  A leopard gecko skeleton (D:5)
  A quokka skeleton (D:7)
  11 rats
  A spectral orc (D:8)
248 creatures vanquished.

Notes
Turn   | Place    | Note
-------+----------+-------------------------------------------
     0 | D:1      | Larett the Minotaur Berserker began the quest for the Orb.
     0 | D:1      | Reached XP level 1. HP: 19/19 MP: 0/0
    58 | D:1      | Reached skill level 4 in Fighting
   274 | D:1      | Reached XP level 2. HP: 25/27 MP: 1/1
  1030 | D:2      | Reached XP level 3. HP: 34/34 MP: 2/2
  1070 | D:2      | Reached ** piety under Trog
  1088 | D:2      | Reached skill level 5 in Fighting
  1186 | D:2      | Reached XP level 4. HP: 41/42 MP: 3/3
  1471 | D:2      | Found a deep blue altar of Sif Muna.
  1661 | D:3      | Noticed Grinder
  1662 | D:3      | Paralysed by Grinder for 7 turns
  1685 | D:3      | Killed Grinder
  1685 | D:3      | Reached skill level 7 in Fighting
  1685 | D:3      | Reached XP level 5. HP: 19/52 MP: 4/4
  1685 | D:3      | Reached XP level 6. HP: 22/60 MP: 5/5
  1723 | D:3      | Noticed Natasha
  1726 | D:3      | Killed Natasha
  1928 | D:3      | Noticed Terence
  1933 | D:3      | Killed Terence
  1942 | D:3      | Noticed Natasha
  1951 | D:3      | Killed Natasha
  1951 | D:3      | Reached *** piety under Trog
  2029 | D:3      | Noticed Natasha
  2040 | D:3      | Killed Natasha
  2296 | D:3      | Found a shattered altar of Ashenzari.
  2309 | D:3      | Noticed Sigmund
  2316 | D:3      | Killed Sigmund
  2316 | D:3      | Reached skill level 8 in Fighting
  2316 | D:3      | Reached skill level 6 in Axes
  2316 | D:3      | Reached XP level 7. HP: 69/69 MP: 6/6
  2413 | D:3      | Found a runed door.
  2418 | D:3      | Noticed Crazy Yiuf
  2432 | D:3      | HP: 7/69 [Crazy Yiuf/quarterstaff of chaos (7)]
  2433 | D:3      | Killed Crazy Yiuf
  3010 | D:4      | Found a large runed door.
  3018 | D:4      | Found a large runed door.
  3039 | D:4      | Noticed FoxWall's ghost (amateur MiFi)
  3061 | D:4      | Found an iron altar of Okawaru.
  3165 | D:4      | Reached skill level 9 in Fighting
  4047 | D:5      | Entered Level 5 of the Dungeon
  4081 | D:5      | Reached XP level 8. HP: 47/79 MP: 7/7
  4328 | D:5      | Reached skill level 10 in Fighting
  5077 | D:6      | Reached **** piety under Trog
  5362 | D:6      | Reached skill level 11 in Fighting
  5878 | D:7      | Reached XP level 9. HP: 90/90 MP: 8/8
  5989 | D:7      | Reached skill level 12 in Fighting
  5989 | D:7      | Reached skill level 9 in Axes
  6123 | D:7      | Found an ancient bone altar of Kikubaaqudgha.
  6753 | D:7      | Found a staircase to the Ecumenical Temple.
  6758 | Temple   | Entered the Ecumenical Temple
  6803 | D:7      | Reached skill level 13 in Fighting
  7286 | D:7      | Reached ***** piety under Trog
  7423 | D:7      | Reached XP level 10. HP: 81/102 MP: 9/9
  7511 | D:7      | Found a radiant altar of Vehumet.
  7675 | D:8      | Reached skill level 14 in Fighting
  7928 | D:8      | Found a runed gate.
  7928 | D:8      | Found a runed gate.
  7929 | D:8      | Found a runed gate.
  8184 | D:8      | Found Jomuipho's Armour Shoppe.
  8337 | D:8      | Bought a +0 pair of boots for 63 gold pieces
  8517 | D:8      | Found a basalt altar of Yredelemnul.
  8563 | D:8      | Noticed limozeen581's ghost (novice KoHu)
  8580 | D:8      | Killed limozeen581's ghost
  8580 | D:8      | Reached skill level 15 in Fighting
  9069 | D:9      | Paralysed by a hornet for 2 turns
  9073 | D:9      | HP: 15/107 [hornet (8)]
  9074 | D:9      | HP: 4/107 [hornet (10)]
  9074 | D:9      | Paralysed by a hornet for 3 turns
  9074 | D:9      | Slain by a hornet

Skill      XL: |  1  2  3  4  5  6  7  8  9 10 |
---------------+-------------------------------+-----
Fighting       | 4 5 7 8 9 11 13 15 | 15.6
Axes           | 4 5 6 7 8 10 11 | 11.8
Armour         | |  2.4
Dodging        | |  2.1

Action                   |  1- 3 |  4- 6 |  7- 9 | 10-12 || total
-------------------------+-------+-------+-------+-------++-------
Melee: Hand axe          |    79 |    81 |   350 |       ||   510
       Headbutt          |     9 |    16 |   109 |    26 ||   160
       Battleaxe         |       |       |    70 |    69 ||   139
       Mace              |       |       |       |    45 ||    45
 Fire: Shortbow          |       |       |       |    23 ||    23
Invok: Trog's Hand       |       |     2 |     1 |     1 ||     4
       Berserk           |       |     2 |       |     1 ||     3
  Use: Scroll            |       |     9 |    11 |     2 ||    22
       Potion            |       |       |     2 |       ||     2
 Stab: Sleeping          |       |       |     5 |       ||     5
  Eat: Chunk             |     1 |     4 |    17 |     6 ||    28
       Ration            |       |       |     2 |       ||     2
Armor: Animal skin       |     7 |       |       |       ||     7
       Ring mail         |    35 |    14 |       |    39 ||    88
       Leather armour    |       |     3 |    51 |     6 ||    60
Dodge: Dodged            |    64 |    31 |   176 |    77 ||   348
Block: Other             |       |     2 |    59 |    26 ||    87
       Reflection        |       |       |       |     1 ||     1
